 Dungeon Crawl Stone Soup version 0.28.0-43-g3370ac3207 (webtiles) character file.

Game seed: 12495489070787751503

6687 Mitsuki the Arsonist (level 10, 0/50 HPs)
             Began as a Deep Elf Fire Elementalist on Feb 17, 2022.
             Was a Priest of Vehumet.
             Slain by Harold
             ... wielding a +0 trident
              (10 damage)
             ... on level 10 of the Dungeon on Mar 2, 2022.
             The game lasted 00:36:27 (11941 turns).

Mitsuki the Arsonist (Deep Elf Fire Elementalist)  Turns: 11941, Time: 00:36:28

Health: 0/50       AC:  4    Str:  9    XL:     10   Next: 73%
Magic:  17/26      EV:  6    Int: 32    God:    Vehumet [***...]
Gold:   521        SH:  0    Dex: 21    Spells: 13/29 levels left

rFire   + . .      SeeInvis .   c - +3 dagger (drain)
rCold   + . .      Faith    +   t - +3 buckler
rNeg    + . .      Spirit   .   H - +1 robe {rN+}
rPois   +          Reflect  .   (helmet restricted)
rElec   .          Harm     .   x - scarf {rC+ rF+}
rCorr   .          Rampage  .   (no gloves)
Will    +....                   b - +0 pair of boots "Magic" {rPois Int+7}
Stlth   +++.......              w - amulet of faith
HPRegen 0.16/turn               r - +6 ring of strength
MPRegen 0.20/turn               m - +6 ring of dexterity

@: held, studying Poison Magic
A: horns 1, camouflage 1, weak 1
a: Renounce Religion


You were on level 10 of the Dungeon.
You worshipped Vehumet.
Vehumet was most pleased with you.
You visited 2 branches of the dungeon, and saw 11 of its levels.
You also visited: Bailey.

You collected 591 gold pieces.
You spent 70 gold pieces at shops.

Inventory:

Hand Weapons
 c - a +3 dagger of draining (weapon)
 E - the +6 rapier "Xirgh" {antimagic, rElec rC+}
   (You found it on level 7 of the Dungeon)

   It reduces the magical energy of the wielder, and disrupts the spells and
   magical abilities of those it strikes.
   Natural abilities and divine invocations are not affected.
   rC:        It protects you from cold.
   rElec:     It insulates you from electricity.
Missiles
 j - a throwing net
Armour
 b - the +0 pair of boots "Magic" (worn) {rPois Int+7}
   (You acquired it in a bailey)

   Int:       It affects your intelligence (+7).
   rPois:     It protects you from poison.
 t - a +3 buckler (worn)
 x - a scarf of resistance (worn)
 H - a +1 robe of positive energy (worn)
Magical Staves
 q - a staff of air
Jewellery
 m - a +6 ring of dexterity (right hand)
 r - a +6 ring of strength (left hand)
 w - an amulet of faith (around neck)
Wands
 a - a wand of polymorph (7)
 p - a wand of flame (33)
 z - a wand of digging (6)
 A - a wand of charming (10)
 B - a wand of mindburst (19)
 F - a wand of acid (9)
Scrolls
 d - a scroll of enchant armour
 f - a scroll of magic mapping
 l - 2 scrolls of identify
 n - a scroll of blinking
 s - 3 scrolls of vulnerability
 y - a scroll of fog
 C - a scroll of teleportation
 I - a scroll of amnesia
Potions
 e - 2 potions of cancellation
 g - 7 potions of might
 h - 4 potions of brilliance
 i - 2 potions of attraction
 k - 4 potions of magic
 o - 3 potions of curing
 u - a potion of resistance {unknown}
 v - a potion of haste
 D - a potion of invisibility {unknown}
 G - a potion of heal wounds
 J - a potion of flight {unknown}


   Skills:
 - Level 2.4 Dodging
 - Level 2.4 Stealth
 + Level 4.9 Shields
 + Level 10.4 Spellcasting
 + Level 8.4 Conjurations
 * Level 12.3 Fire Magic


You had 13 spell levels left.
You knew the following spells:

 Your Spells              Type           Power      Damage    Failure   Level
a - Foxfire               Conj/Fire      100%       2x1d9     1%          1
b - Scorch                Fire           100%       2d10      1%          2
c - Conjure Flame         Conj/Fire      70%        6-21      1%          3
d - Flame Wave            Conj/Fire      70%        2d13      1%          4
e - Inner Flame           Hex/Fire       54%        N/A       1%          3
f - Magic Dart            Conj           100%       1d8       1%          1
g - Searing Ray           Conj           100%       2d8       1%          2

Your spell library contained the following spells:

 Spells                   Type           Power      Damage    Failure   Level
 Tukima's Dance           Hex            16%        N/A       11%         3
 Yara's Violent Unravell  Hex/Tmut       8%         3d5       26%         5
 Passage of Golubria      Tloc           16%        N/A       36%         4


Dungeon Overview and Level Annotations

Branches:
Dungeon (10/15)            Temple (1/1) D:7            Lair (0/6) D:8
 Bailey (visited)
    Orc: D:9-12

Altars:
Ashenzari
Cheibriados
Dithmenos
Elyvilon
Fedhas
Gozag
Hepliaklqana
Kikubaaqudgha
Makhleb
Nemelex Xobeh
Okawaru
Qazlal
Ru
Sif Muna
Trog
Uskayaw
Vehumet
Wu Jian
Xom
Yredelemnul
Zin
The Shining One
Ignis

Shops:
D:5 *(   D:8 ![   D:10 (

Annotations:
D:9 3 runed translucent doors, MrShunz's ghost, novice DECj
D:10 Harold; Joseph


Innate Abilities, Weirdness & Mutations

You have a pair of small horns on your head.
Your skin changes colour to match your surroundings (Stealth+).
You are weak. (Str -2)


Message History

Press: ? - help, Shift-Dir - straight line, f/p - Harold
Aim: Harold, wielding a +0 trident, wearing a +1 scale mail of willpower and quivering 5 throwing nets (lightly wounded, 90% to hit)
The searing ray hits Harold.
Harold is lightly wounded. (Press . to maintain the ray.) Harold hits you from afar with a +0 trident!
* * * LOW HITPOINT WARNING * * *
You take 11 damage, and have 4/50 hp.
MASSIVE DAMAGE!!
You now have 21/26 mp.
You feel much better.
Harold throws a throwing net.
You block the throwing net.
You regained 28 hp, and now have 32/50 hp.
Harold throws a throwing net.
The throwing net hits you.
You become entangled in the net!
There is an open door here.
You see here a throwing net.
Casting: Searing Ray (safe; 1% risk of failure)
Confirm with . or Enter, or press ? or * to list all spells.
Aiming: Searing Ray (safe; 1% risk of failure)
Press: ? - help, Shift-Dir - straight line, f/p - Harold
Aim: Harold, wielding a +0 trident, wearing a +1 scale mail of willpower and quivering 3 throwing nets (lightly wounded, 90% to hit)
The searing ray hits Harold.
Harold is lightly wounded. (Press . to maintain the ray.)
You now have 19/26 mp.
The searing ray hits Harold.
Harold is moderately wounded.
Harold is engulfed in blazing flames.
Harold hits you from afar with a +0 trident.
You take 3 damage, and have 30/50 hp.
You now have 18/26 mp.
The searing ray hits Harold.
Harold is heavily wounded.
Harold is engulfed in blazing flames.
Harold hits you from afar with a +0 trident!!
* * * LOW HITPOINT WARNING * * *
You take 20 damage, and have 10/50 hp.
MASSIVE DAMAGE!!
The searing ray hits Harold!
Harold is severely wounded.
You finish channelling your searing ray.
Harold is engulfed in blazing flames.
Harold hits you from afar with a +0 trident!
You die...

#<####### ##....#..
#........... .........
....... #...........
#.####### #....#
#..........[ #.# #....#
#........... #.# #....#
#........... #.# ##.###
#........... #.# #.@.##
#########'## #.# ###(.#
#.†...# #.# #######@###
##.###### #...(.....#
#..)....# #.........#
#.......#
#.........######.......#
#.........##...........#
#.........#..###.......#
#.........'.## #.......#
#.........### #.......#
#.........# #########


You could see Harold.

Vanquished Creatures
  Erica (D:9)
  A centaur zombie (D:10)
  A troll (D:8)
  Prince Ribbit (D:6)
  A meliai zombie (D:8)
  A shadow (D:9)
  Sigmund (D:6)
  A wyvern (D:8)
  5 yaks (D:8)
  A steam dragon (D:8)
  3 water moccasins (D:5)
  A sky beast (D:5)
  2 orc warriors
  A black bear (D:6)
  2 phantoms
  3 wolves (D:8)
  7 centaurs
  A wyvern zombie (D:8)
  3 bullfrogs
  2 gnoll sergeants
  A water moccasin zombie (D:6)
  A wyvern skeleton (D:7)
  8 killer bees
  2 water moccasin skeletons (D:4)
  7 howler monkeys
  4 hounds
  An orc priest (D:5)
  2 bullfrog skeletons
  A centaur skeleton (D:7)
  5 jellies
  A gnoll shaman (D:8)
  An iguana (D:7)
  Ijyb (D:4)
  6 orc wizards
  A killer bee zombie (D:5)
  A howler monkey zombie (D:7)
  25 gnolls
  4 adders
  A white imp (D:8)
  A worm (D:2)
  4 dart slugs
  28 orcs
  12 ball pythons
  6 bats
  7 endoplasms
  6 giant cockroaches
  9 goblins
  3 hobgoblins
  3 jackals (D:1)
  7 quokkas
  5 frilled lizards
  2 kobolds (D:1)
  9 rats
214 creatures vanquished.

Vanquished Creatures (collateral kills)
  A foxfire (D:6)
1 creature vanquished.

Vanquished Creatures (others)
  703 foxfires
703 creatures vanquished.

Grand Total: 918 creatures vanquished

Notes
Turn   | Place    | Note
-------+----------+-------------------------------------------
     0 | D:1      | Mitsuki the Deep Elf Fire Elementalist began the quest for
                  | the Orb.
     0 | D:1      | Reached XP level 1. HP: 10/10 MP: 6/6
   160 | D:1      | You fall into a shaft and drop 1 floor!
   180 | D:2      | Found a basalt altar of Yredelemnul.
   357 | D:2      | Reached XP level 2. HP: 11/15 MP: 8/8
   754 | D:2      | Reached skill level 4 in Fire Magic
   955 | D:2      | Reached XP level 3. HP: 19/19 MP: 10/10
  1218 | D:1      | Found a faded altar of an unknown god.
  2238 | D:3      | Reached XP level 4. HP: 24/24 MP: 5/11
  2476 | D:3      | Reached skill level 5 in Fire Magic
  2651 | D:3      | Reached XP level 5. HP: 28/28 MP: 8/13
  2735 | D:3      | Learned a level 2 spell: Scorch
  2964 | D:4      | Found a basalt altar of Yredelemnul.
  3282 | D:4      | Reached skill level 5 in Spellcasting
  3282 | D:4      | Reached XP level 6. HP: 32/32 MP: 7/15
  3300 | D:4      | Noticed Ijyb
  3304 | D:4      | Killed Ijyb
  3498 | D:4      | Found a sparkling altar of Nemelex Xobeh.
  3586 | D:4      | Reached skill level 6 in Fire Magic
  3923 | D:5      | Entered Level 5 of the Dungeon
  3944 | D:5      | Noticed a water moccasin
  3948 | D:5      | Killed a water moccasin
  3949 | D:5      | Reached XP level 7. HP: 36/36 MP: 8/17
  4027 | D:5      | Reached skill level 7 in Fire Magic
  4388 | D:5      | Reached skill level 5 in Conjurations
  4609 | D:5      | Found Jugu Lap's Weapon Shoppe.
  4750 | D:5      | Reached skill level 8 in Fire Magic
  4750 | D:5      | Reached XP level 8. HP: 41/41 MP: 13/20
  4937 | D:5      | Found a shimmering blue altar of Sif Muna.
  4991 | D:5      | Found an opulent altar of Gozag.
  4992 | D:5      | Found Gozag's Platinum Reserve.
  5186 | D:5      | Reached skill level 1 in Shields
  5600 | D:6      | Noticed Sigmund
  5613 | D:6      | Killed Sigmund
  5676 | D:6      | Noticed Prince Ribbit
  5683 | D:6      | Killed Prince Ribbit
  5684 | D:6      | Reached skill level 9 in Fire Magic
  6040 | D:6      | Learned a level 3 spell: Conjure Flame
  6397 | D:6      | Reached XP level 9. HP: 45/45 MP: 16/23
  6765 | D:6      | Found a burning altar of Makhleb.
  7535 | D:7      | Found a staircase to the Ecumenical Temple.
  7545 | Temple   | Entered the Ecumenical Temple
  7625 | Temple   | Became a worshipper of Vehumet
  7674 | D:7      | Found a stormy altar of Qazlal.
  7674 | D:7      | Found an iron altar of Okawaru.
  7675 | D:7      | Found a sacrificial altar of Ru.
  7710 | D:7      | Identified the +6 rapier "Xirgh" {antimagic, rElec rC+}
  7828 | D:8      | Upgraded the game from 0.28.0 to 0.28.0-43-g3370ac3207
  7830 | D:8      | Reached skill level 10 in Fire Magic
  7833 | D:7      | HP: 2/45 [bullfrog (6)]
  8145 | D:8      | Found a flagged portal.
  8166 | Bailey   | Entered a bailey
  8246 | Bailey   | Learned a level 4 spell: Flame Wave
  8250 | Bailey   | Learned a level 3 spell: Inner Flame
  8336 | Bailey   | Reached * piety under Vehumet
  8336 | Bailey   | Offered knowledge of Magic Dart by Vehumet.
  8341 | Bailey   | Learned a level 1 spell: Magic Dart
  8687 | Bailey   | Acquired the +0 pair of boots "Magic" {rPois Int+7}
  8920 | D:7      | Found a glowing golden altar of the Shining One.
  9054 | D:8      | Reached ** piety under Vehumet
  9135 | D:8      | Found Peczor's Armour Emporium.
  9456 | D:8      | Noticed a troll
  9462 | D:8      | Killed a troll
  9462 | D:8      | Offered knowledge of Static Discharge by Vehumet.
  9512 | D:8      | Reached skill level 11 in Fire Magic
  9512 | D:8      | Reached XP level 10. HP: 20/50 MP: 17/25
  9784 | D:8      | Found Uplifyp's Distillery.
  9789 | D:8      | Bought a potion of heal wounds for 70 gold pieces
  9961 | D:8      | Found a staircase to the Lair.
 10353 | D:8      | Gained mutation: Your spells are a little harder to cast,
                  | but a little more powerful. [potion of mutation]
 10353 | D:8      | Gained mutation: You have very sharp teeth. [potion of
                  | mutation]
 10354 | D:8      | Lost mutation: You have very sharp teeth. [potion of
                  | mutation]
 10354 | D:8      | Lost mutation: Your spells are a little harder to cast, but
                  | a little more powerful. [potion of mutation]
 10354 | D:8      | Gained mutation: You have a pair of small horns on your
                  | head. [potion of mutation]
 10354 | D:8      | Gained mutation: You are weak. (Str -2) [potion of
                  | mutation]
 10354 | D:8      | Gained mutation: Your skin changes colour to match your
                  | surroundings (Stealth+). [potion of mutation]
 10552 | D:9      | Found a broken altar of Ashenzari.
 10602 | D:9      | Noticed Erica
 10610 | D:9      | Killed Erica
 10611 | D:9      | Reached skill level 10 in Spellcasting
 10756 | D:9      | Offered knowledge of Searing Ray by Vehumet.
 10770 | D:9      | Learned a level 2 spell: Searing Ray
 10813 | D:9      | Found a runed translucent gate.
 10813 | D:9      | Found a runed translucent gate.
 10813 | D:9      | Noticed a spectral centaur warrior
 10814 | D:9      | Found a runed translucent gate.
 10815 | D:9      | Noticed a spectral centaur warrior
 10817 | D:9      | Noticed MrShunz's ghost (novice DECj)
 10845 | D:9      | Reached *** piety under Vehumet
 10846 | D:9      | Reached skill level 12 in Fire Magic
 11385 | D:10     | Entered Level 10 of the Dungeon
 11483 | D:10     | Found Yxzyrats's Antique Weapon Boutique.
 11597 | D:10     | Noticed Joseph
 11923 | D:10     | Noticed Harold
 11941 | D:10     | Slain by Harold

Illustrated notes

Levels and vault maps discovered:
D:1:      amcnicky_arrival_blooded_trapdoor, layout_basic,
          nicolae_ecumenical_snake_handling
D:2:      layout_loops_ring, basic_altar
D:3:      layout_rooms, chequers_garden
D:4:      layout_cave_pools, yredelemnul_altar_generic,
          nemelex_spade_bored_becter, uniq_ijyb
D:5:      layout_cave_pods, nicolae_gozag_zags_fifth_avenue, kennysheep_mini,
          serial_shops, nicolae_shop_bloodbath_and_beyond, minmay_manual_mares
D:6:      layout_layer_cave, bloody_makhleb, grunt_ministairs_7,
          hangedman_decor_diamond_cutter, uniq_sigmund, uniq_prince_ribbit1
D:7:      layout_basic, tso_altar, gammafunk_temple_overflow_forgotten,
          minmay_temple_entry_mini_moons
D:8:      layout_rooms, erik_lair_island, enter_bailey_5, serial_shops,
          kennysheep_mini_moat, nicolae_shop_hallway_plus, minivault_19
D:9:      layout_roguey, mainiacjoe_overflow_chevrons,
          gammafunk_ghost_necromancy, palyth_stone_intersect, uniq_erica
D:10:     layout_roguey, serial_shops, shop, sword_in_stone
Temple:   ebering_untended_altars

Skill      XL: |  1  2  3  4  5  6  7  8  9 10 |
---------------+-------------------------------+-----
Fire Magic     | 4 5 6 8 9 11 12 | 12.3
Conjurations   | 2 3 4 5 6 7 8 |  8.4
Spellcasting   | 4 5 6 8 9 10 | 10.4
Shields        | 2 3 4 |  4.9
Dodging        | |  2.4
Stealth        | |  2.4

Action                   |  1- 3 |  4- 6 |  7- 9 | 10-12 || total
-------------------------+-------+-------+-------+-------++-------
Melee: Dagger            |    25 |     4 |    25 |    29 ||    83
       Headbutt          |       |       |       |     3 ||     3
 Cast: Foxfire           |    81 |    72 |   205 |    49 ||   407
       Scorch            |       |    10 |    50 |    19 ||    79
       Conjure Flame     |       |       |     3 |     3 ||     6
       Flame Wave        |       |       |     1 |     3 ||     4
       Searing Ray       |       |       |       |     7 ||     7
  Use: Scroll            |       |       |    17 |     1 ||    18
       Potion            |       |       |     1 |     3 ||     4
 Stab: Sleeping          |     3 |     1 |    12 |     3 ||    19
Armor: Robe              |     3 |     1 |    10 |    12 ||    26
Dodge: Dodged            |    17 |     5 |    38 |    26 ||    86
Block: Buckler           |       |       |    27 |    32 ||    59
